 Dungeon Crawl Stone Soup version 0.18-a0-1800-gdc7a371 (webtiles) character file.

11695 Murumi the Envoy of Void (level 12, 0/81 HPs)
             Began as a Formicid Abyssal Knight on Apr 24, 2016.
             Was a High Priest of Lugonu.
             Slain by a blink frog (10 damage)
             ... on level 3 of the Lair of Beasts.
             The game lasted 01:32:12 (16118 turns).

Murumi the Envoy of Void (Formicid Abyssal Knight) Turns: 16118, Time: 01:32:13

Health: 0/81       AC: 24    Str: 20    XL:     12   Next: 11%
Magic:  21/21      EV: -1    Int: 16    God:    Lugonu [*****.]
Gold:   609        SH: 13    Dex: 10    Spells: 0 memorised, 11 levels left

rFire  . . .     SeeInvis +     w - +3 scimitar (distort)
rCold  . . .     Gourm    .     v - +1 crystal plate armour
rNeg   + . .     Faith    .     x - +2 large shield {rN+}
rPois  .         Spirit   .     (helmet unavailable)
rElec  .         Dismiss  .     (no cloak)
rCorr  .         Reflect  .     i - +1 pair of gloves
SustAt .         Harm     .     (no boots)
MR     ++...                    (no amulet)
Stlth  ..........               s - +3 ring of protection
                                a - ring of protection from magic

@: very slightly contaminated, invisible, very resistant to hostile
enchantments, extremely unstealthy
A: permanent stasis, dig shafts and tunnels, four strong arms, antennae 3,
camouflage 1, clever 1, frail 1
a: Dig, Shaft Self, Depart the Abyss, Bend Space, Banish, Corrupt, Enter the
Abyss, Renounce Religion


You were on level 3 of the Lair of Beasts.
You worshipped Lugonu.
Lugonu was extremely pleased with you.
You were hungry.

You visited 2 branches of the dungeon, and saw 12 of its levels.
You visited the Abyss 1 time.
You also visited: Labyrinth and Bailey.

You collected 884 gold pieces.
You spent 275 gold pieces at shops.

Inventory:

Hand Weapons
 h - a -2 hand crossbow
 w - a +3 scimitar of distortion (weapon)
Missiles
 q - 83 bolts
Armour
 i - a +1 pair of gloves (worn)
 v - a +1 crystal plate armour (worn)
 x - a +2 large shield of positive energy (worn)
Rods
 p - a +2 rod of shadows (2/10)
   (You took it off an orc warrior in a bailey)
 F - a -1 rod of inaccuracy (9/9)
   (You found it in a labyrinth)
 H - a +2 lightning rod (14/14)
   (You found it in a labyrinth)
Jewellery
 a - a ring of protection from magic (left hand)
 f - a +2 ring of protection
 k - an uncursed ring of protection from fire
 n - an uncursed ring of flight
 r - an uncursed ring of sustain attributes
 s - a +3 ring of protection (right hand)
Wands
 g - a wand of slowing (36/48)
 t - a wand of lightning (3/15)
 u - a wand of polymorph (12/24)
 y - a wand of flame (35/48)
 B - a wand of lightning (7/15)
 E - a wand of confusion (20/48)
 I - a wand of confusion (29/48)
Scrolls
 e - 5 scrolls of remove curse
 o - 2 scrolls of magic mapping
Potions
 d - 3 potions of flight
 j - a potion of curing
 m - a potion of invisibility
Miscellaneous
 D - a plain deck of changes
Comestibles
 b - 5 chunks of flesh
 c - 10 bread rations
 l - 3 beef jerkies
 A - 8 slices of pizza
 C - 11 royal jellies


   Skills:
 - Level 7.1 Fighting
 - Level 10.0 Long Blades
 - Level 5.0 Crossbows
 - Level 7.0 Armour
 - Level 1.0 Dodging
 + Level 12.3 Invocations
 - Level 7.0 Evocations


You had 11 spell levels left.
You didn't know any spells.

Dungeon Overview and Level Annotations

Branches:
Dungeon (9/15)             Temple (0/1) D:6            Lair (3/8) D:9
  Snake (0/4) Lair:3          Orc (0/2) D:9
  Swamp: Lair:3-6    Shoals: Lair:3-6

Altars:
Ashenzari
Elyvilon
Fedhas
Gozag
Nemelex Xobeh
Okawaru
Qazlal
Vehumet
Xom
Yredelemnul
Zin
The Shining One

Shops:
D:6 =

Annotations:
Abyss:1 Pikel


Innate Abilities, Weirdness & Mutations

You are under a permanent stasis effect.
You can dig through walls and to a lower floor.
Your four strong arms can wield two-handed weapons with a shield.
You have a pair of large antennae on your head (SInv).
Your skin changes colour to match your surroundings (Stealth).
Your mind is acute. (Int +2)
You are frail (-10% HP).


Message History

Drink which item? (? for menu, Esc to quit)
You fade into invisibility!
You block the blink frog's attack.
The blink frog hits you but does no damage.
You are very lightly contaminated with residual magic.
You slash the blink frog!
You kill the blink frog!
Lugonu accepts your kill.
You catch the helpless blink frog completely off-guard!
You hit the blink frog.
The blink frog is lightly wounded.
You catch the helpless blink frog completely off-guard!
You hit the blink frog.
The blink frog is moderately wounded.
You block the blink frog's attack.
You slice the blink frog!!
The blink frog is almost dead.
The blink frog hits you but does no damage.
The blink frog hits you!
You die...

######### #.......#
#.......##### #........##@###
### ##........###F.###.######
###
#........'.........P##..###.#
#........##.###P............
##.......##### ####..##.P....
#........# ###########
##...F...# ###.'.### #...##


You could see a blink frog.

Vanquished Creatures
  2 spiny frogs
  2 komodo dragons (D:9)
  A troll (D:9)
  A queen bee (Lair:3)
  5 blink frogs
  A shadow (Lab)
  4 yaks
  A hog (D:7)
  A basilisk (Lair:1)
  The ghost of Murumi the Distorting Ant, an amateur FoAK of Lugonu (D:3)
  A mottled dragon (D:9)
  2 nagas (Lair:3)
  A porcupine (Lair:2)
  3 water moccasins
  2 ice beasts
  A sky beast (D:9)
  A phantom (D:8)
  A necrophage (D:6)
  5 orc warriors (Bailey)
  A centaur (D:7)
  4 ogres
  4 crocodiles
  A big kobold (D:7)
  4 giant frogs
  A scorpion (Lair:3)
  19 killer bees (Lair:3)
  10 wights
  2 jellies
  2 crimson imps
  A hound (D:6)
  A centaur skeleton (D:6)
  6 orc priests
  5 orc wizards
  7 iguanas
  4 worker ants
  10 sheep
  A hound zombie (D:9)
  A hound skeleton (D:8)
  2 worker ant zombies
  4 gnolls (D:8)
  7 adders
  28 river rats
  2 shadow imps
  An ooze (D:5)
  An adder zombie (D:6)
  6 worms
  A dart slug (D:2)
  5 giant geckos
  27 orcs
  5 giant cockroaches
  7 goblins
  A hobgoblin (D:1)
  21 jackals
  23 kobolds
  2 quokkas (D:7)
  3 ball pythons
  8 bats
  6 giant newts
  2 quokka skeletons
  7 rats
289 creatures vanquished.

Vanquished Creatures (collateral kills)
  A minotaur (Lab)
  A black mamba (Lair:2)
  A komodo dragon (D:9)
  3 blink frogs
  A wolf (Lair:3)
  6 killer bees (Lair:3)
  A hound skeleton (D:9)
  A shadow imp (D:9)
15 creatures vanquished.

Vanquished Creatures (others)
  A spiny frog (Lair:3)
  3 yaks
  3 orc warriors (Bailey)
  2 slaves (D:4)
  An ogre (D:4)
  2 crocodiles
  A jelly (D:9)
  2 iguanas
  An adder (D:4)
  A river rat (Lair:1)
  An orc (Bailey)
  A giant cockroach (D:4)
  13 fungi
  5 plants
37 creatures vanquished.

Grand Total: 341 creatures vanquished

Notes
Turn   | Place    | Note
--------------------------------------------------------------
     0 | Abyss:1  | Murumi the Formicid Abyssal Knight began the quest for the Orb.
     0 | Abyss:1  | Reached XP level 1. HP: 18/18 MP: 2/2
    44 | Abyss:1  | Noticed a raiju
    45 | Abyss:1  | Noticed a large abomination
    49 | D:1      | Escaped the Abyss
    57 | D:1      | Reached skill level 1 in Dodging
   241 | D:1      | Reached * piety under Lugonu
   295 | D:1      | Reached XP level 2. HP: 24/24 MP: 3/3
   812 | D:1      | Reached XP level 3. HP: 21/29 MP: 4/4
  1019 | D:2      | Reached skill level 3 in Invocations
  1278 | D:2      | Reached ** piety under Lugonu
  1337 | D:2      | Reached XP level 4. HP: 35/35 MP: 6/6
  1700 | D:2      | Reached skill level 4 in Invocations
  1752 | D:3      | Noticed Murumi's ghost (amateur FoAK)
  1924 | D:3      | Found a shattered altar of Ashenzari.
  2075 | D:3      | Reached skill level 5 in Invocations
  2075 | D:3      | Reached XP level 5. HP: 22/41 MP: 8/8
  2278 | D:3      | Gained mutation: Your mind is acute. (Int +2) [potion of mutation]
  2278 | D:3      | Gained mutation: Your skin changes colour to match your surroundings (Stealth). [potion of mutation]
  2278 | D:3      | Gained mutation: You are frail (-10% HP). [potion of mutation]
  2316 | D:3      | Killed Murumi's ghost
  2316 | D:3      | Reached skill level 6 in Invocations
  2316 | D:3      | Reached XP level 6. HP: 12/42 MP: 8/11
  2766 | D:3      | Reached skill level 7 in Invocations
  3441 | D:4      | Reached *** piety under Lugonu
  3653 | D:4      | Reached XP level 7. HP: 39/46 MP: 12/12
  4033 | D:4      | Noticed Pikel
  4073 | D:4      | Banished Pikel
  4073 | D:4      | Reached XP level 8. HP: 7/52 MP: 13/13
  4329 | D:4      | Found a blossoming altar of Fedhas.
  5049 | D:5      | Entered Level 5 of the Dungeon
  5128 | D:5      | Found a shattered altar of Ashenzari.
  5148 | D:5      | Reached skill level 8 in Invocations
  5288 | D:5      | Reached skill level 1 in Evocations
  5383 | D:5      | Found a white marble altar of Elyvilon.
  6058 | D:6      | Found a shimmering altar of Xom.
  6280 | D:6      | Reached **** piety under Lugonu
  6296 | D:6      | Reached skill level 9 in Invocations
  6296 | D:6      | Reached XP level 9. HP: 57/57 MP: 15/15
  7367 | D:6      | Found Xaryinit's Jewellery Emporium.
  7435 | D:6      | Reached skill level 1 in Crossbows
  7590 | D:6      | Bought an uncursed ring of protection from magic for 275 gold pieces
  7893 | D:6      | Found a staircase to the Ecumenical Temple.
  7937 | D:7      | Found a flagged portal.
  7951 | Bailey   | Entered a bailey
  8500 | Bailey   | Noticed an orc knight
  8596 | Bailey   | Reached skill level 10 in Invocations
  8596 | Bailey   | Reached XP level 10. HP: 29/63 MP: 17/17
  8971 | Bailey   | Identified a +2 rod of shadows (10/10) (You took it off an orc warrior in a bailey)
  8999 | Bailey   | Banished an orc knight
  9242 | D:7      | Found a glowing silver altar of Zin.
  9561 | D:7      | Reached skill level 5 in Fighting
  9725 | D:7      | Reached skill level 5 in Armour
  9804 | D:7      | Found a glowing golden altar of the Shining One.
  9804 | D:7      | Found a sparkling altar of Nemelex Xobeh.
  9804 | D:7      | Found a white marble altar of Elyvilon.
  9804 | D:7      | Found a radiant altar of Vehumet.
  9822 | D:7      | Found a shattered altar of Ashenzari.
  9822 | D:7      | Found an opulent altar of Gozag.
  9925 | D:7      | Reached skill level 5 in Evocations
 10130 | D:8      | Found a stormy altar of Qazlal.
 10291 | D:8      | Found a radiant altar of Vehumet.
 10551 | D:8      | Found a basalt altar of Yredelemnul.
 10906 | D:9      | Noticed a komodo dragon
 11150 | D:9      | Noticed a komodo dragon
 11154 | D:9      | Noticed a komodo dragon
 11155 | D:9      | Killed a komodo dragon
 11157 | D:9      | Killed a komodo dragon
 11250 | D:9      | Found a staircase to the Lair.
 11348 | D:9      | Killed a komodo dragon
 11348 | D:9      | Reached skill level 11 in Invocations
 11369 | D:9      | Found an iron altar of Okawaru.
 11516 | D:9      | Reached XP level 11. HP: 66/72 MP: 19/19
 11528 | D:9      | Reached ***** piety under Lugonu
 11531 | D:9      | Reached skill level 5 in Crossbows
 11713 | D:9      | Found a staircase to the Orcish Mines.
 11834 | Lair:1   | Entered Level 1 of the Lair of Beasts
 12642 | Lair:2   | Found a labyrinth entrance.
 12651 | Lab      | Entered a labyrinth
 12784 | Lab      | Noticed a minotaur
 12793 | Lab      | Killed a minotaur
 12793 | Lab      | Reached skill level 12 in Invocations
 13471 | Lair:2   | Identified a -1 rod of inaccuracy (9/9) (You found it in a labyrinth)
 13884 | Lair:2   | Reached skill level 10 in Long Blades
 16005 | Lair:3   | Reached XP level 12. HP: 78/81 MP: 21/21
 16031 | Lair:3   | Found a staircase to the Snake Pit.
 16118 | Lair:3   | Slain by a blink frog

Vault maps used:
D:1:      dpeg_arrival_houses_and_road, minmay_misc_feat_square, st_stairs_1,
          minmay_misc_feat_chi, minmay_door_square
D:2:      first_bread, minmay_close_crescents
D:3:      cheibrodos_ashenzari_chains
D:4:      hangedman_abyss_or_decor_stagger, hangedman_decor_diamond_cutter,
          fedhas_altar_3, uniq_pikel, uniq_eustachio
D:5:      basic_altar, serial_glass, glass_columns_a, glass_columns_a,
          item_on_display_a, minmay_strange_pillars, minmay_strange_pillars,
          due_unseen_surprise, grunt_ministairs_13, serial_bayou_lagoon_a,
          elyvilon_altar_5
D:6:      lemuel_crystal_altar, minmay_temple_entry_butterflies, serial_shops,
          shop, minmay_tree_intersection, grunt_tough_drop
D:7:      minmay_overflow_temple_hex, kennysheep_little_box, enter_bailey_2,
          minmay_strange_pillars, grunt_livestock
D:8:      overflow_temple_1_default, lemuel_round_altar, basic_altar
D:9:      okawaru_trees_2, erik_lair_dragon, orc_0_dummy
Lair:2:   lab_entry_generic, serial_bayou_shore_b
Lair:3:   guppyfry_snake_entry_island, beast_lair_carwin_6
Lab:      nicolae_lab_dead_end, labyrinth_skeletal_remains,
          nicolae_lab_starburst, lab_fountain, nicolae_lab_do_over
Bailey:   bailey_polearm_1, bailey

Skill      XL: |  1  2  3  4  5  6  7  8  9 10 11 12 |
---------------+-------------------------------------+-----
Dodging        | 1 |  1.0
Long Blades    | 3 4 6 7 9 10 | 10.0
Invocations    | 3 5 6 7 9 10 11 12 | 12.3
Armour         | 3 4 5 7 |  7.0
Evocations     | 3 4 5 6 7 |  7.0
Fighting       | 4 5 7 |  7.1
Crossbows      | 4 5 |  5.0

Action                   |  1- 3 |  4- 6 |  7- 9 | 10-12 || total
-------------------------+-------+-------+-------+-------++-------
Melee: Falchion          |   100 |   191 |   470 |       ||   761
       Scimitar          |       |       |    91 |   698 ||   789
Invok: Depart the Abyss  |     1 |       |       |       ||     1
       Banish            |       |       |     2 |     5 ||     7
 Abil: Dig               |       |     1 |     7 |     6 ||    14
Evoke: Wand              |       |       |     4 |     7 ||    11
       Rod               |       |       |       |    31 ||    31
  Use: Scroll            |     5 |     3 |    11 |     5 ||    24
       Potion            |       |     6 |     6 |     3 ||    15
 Stab: Invisible         |       |       |     4 |     2 ||     6
       Distracted        |       |       |       |     1 ||     1
  Eat: Chunk             |     2 |     7 |    16 |    22 ||    47
       Beef jerky        |       |       |     1 |     1 ||     2
       Meat ration       |       |       |     1 |     2 ||     3
       Fruit             |       |       |       |     2 ||     2
Armor: Scale mail        |    40 |    86 |    55 |       ||   181
       Skin              |       |    11 |       |       ||    11
       Chain mail        |       |       |   179 |       ||   179
       Plate armour      |       |       |    29 |       ||    29
       Crystal plate arm |       |       |       |   497 ||   497
Dodge: Dodged            |    50 |    81 |   175 |    18 ||   324
Block: Large shield      |       |       |       |   488 ||   488
